cohdb
Replays
Latest Replays
All Replays
Popular Replays
Top Player Replays
Match Explorer
How It Works
Community
CoH3 Stats
Reddit
Sign in to upload your games and track your stats! →
Sign in with Steam
Match 41476881
Unlisted
Match 41476881
Overview
Messages
Build Orders
End
Construct Infanterie Kompanie
Kettenkrad Recon Vehicle
MG 42 Machine Gun Team
Grenadier Squad
MG 42 Machine Gun Team
Grenadier Squad
GrW 34 Mortar Team
Construct Panzergrenadier Kompanie
Medical Station
Panzergrenadier Squad
Support Elements
Grenadier Squad
StuG III G Assault Gun
Infanterie Officer Quarters
Nebelwerfer 42 Rocket Launcher Team
Side Skirts
Panzergrenadier Officer Quarters
Pak 40 Anti-tank Gun Team
Selects Breakthrough Battlegroup
Selects Rapid Production
Selects Assault Grenadiers
Selects Blitzkrieg
Grenadier Squad
StuG III G Assault Gun
StuG III G Assault Gun
Selects Tiger Heavy Tank
Foxxo
只愛❤毛妹
0
0
Comments
sign in to comment!
No comments posted yet!